 Dungeon Crawl Stone Soup version 0.28.0-49-g6dfe1f597d (webtiles) character file.

Game seed: 17039266265998754170

54 hawla the Sneak (level 3, -1/14 HPs)
             Began as a Felid Fire Elementalist on May 18, 2022.
             Killed from afar by Sigmund (10 damage)
             ... with a puff of flame
             ... on level 2 of the Dungeon.
             The game lasted 00:05:44 (2119 turns).

hawla the Sneak (Felid Fire Elementalist)           Turns: 2119, Time: 00:05:45

Health: -1/14      AC:  1    Str:  4    XL:     3   Next: 66%
Magic:  8/8        EV: 17    Int: 18    God:
Gold:   27         SH:  0    Dex: 16    Spells: 4/7 levels left
                                        Lives:  0   Deaths: 0

rFire   . . .      SeeInvis +   (weapon unavailable)
rCold   . . .      Faith    .   (shield unavailable)
rNeg    + . .      Spirit   .   (armour unavailable)
rPois   .          Reflect  .   (helmet unavailable)
rElec   .          Harm     .   (cloak unavailable)
rCorr   .          Rampage  .   (gloves unavailable)
Will    .....                   (boots unavailable)
Stlth   +.........              (no amulet)
HPRegen 0.04/turn               c - ring of positive energy
MPRegen 0.11/turn               (no ring)

@: confused, quick
A: very small, claws 1, fangs 3, see invisible, speed 1, shaggy fur 1, stealthy
paws, no weapons or thrown items, no armour, multi-lived
a: no special abilities


You were on level 2 of the Dungeon.
You visited 1 branch of the dungeon, and saw 2 of its levels.

You collected 27 gold pieces.

Inventory:

Jewellery
 c - a ring of positive energy (left paw)
Scrolls
 a - a scroll of blinking
 b - a scroll of teleportation {unknown}
Potions
 d - a potion of might


   Skills:
 + Level 2.9 Dodging
 + Level 3.2 Stealth
 + Level 0.1 Unarmed Combat
 + Level 2.8 Spellcasting
 + Level 1.2 Conjurations
 + Level 3.2 Fire Magic


You had 4 spell levels left.
You knew the following spells:

 Your Spells              Type           Power      Damage    Failure   Level
a - Foxfire               Conj/Fire      40%        2x1d6     7%          1
b - Scorch                Fire           28%        2d6       7%          2

Your spell library contained the following spells:

 Spells                   Type           Power      Damage    Failure   Level
 Conjure Flame            Conj/Fire      10%        6-21      21%         3
 Inner Flame              Hex/Fire       8%         N/A       26%         3
 Gell's Gravitas          Tloc           2%         N/A       45%         3
 Lesser Beckoning         Tloc           2%         N/A       45%         3
 Teleport Other           Tloc           2%         N/A       45%         3
 Flame Wave               Conj/Fire      10%        2d5       54%         4


Dungeon Overview and Level Annotations

Branches:
Dungeon (2/15)

Altars:

Annotations:
D:2 Sigmund


Innate Abilities, Weirdness & Mutations

You have sharp claws.
You have razor-sharp teeth.
You have supernaturally acute eyesight. (SInv)
You cover ground quickly. (Speed+)
You are covered in fur. (AC +1)
Your paws help you pounce on unaware monsters.
You are incapable of wielding weapons or throwing items.
You cannot wear armour.
You gain extra lives every three experience levels.


Message History

A ball python is nearby!
The helpless ball python fails to defend itself.
You scratch the ball python.
You kill the ball python!
No target in view!
An endoplasm comes into view.
Found 18 arrows.
An endoplasm is nearby!
An endoplasm is nearby!
An endoplasm is nearby!
An endoplasm is nearby!
Found 15 gold pieces.
You pounce on the unaware helpless endoplasm!
You scratch the endoplasm.
The endoplasm is severely wounded.
The endoplasm freezes you.
You are frozen.
You scratch the endoplasm but do no damage.
The endoplasm is severely wounded.
The endoplasm freezes you.
You are frozen.
You are too injured to fight recklessly!
Casting: Foxfire (safe; 7% risk of failure)
Confirm with . or Enter, or press ? or * to list all spells.
You conjure some foxfire!
The endoplasm completely misses you.
The foxfire hits the endoplasm.
You kill the endoplasm!
Your foxfire dissipates!
Sigmund is nearby!
Sigmund is nearby!
Sigmund is nearby!
Sigmund is nearby!
Sigmund looks at you with fury.
Sigmund screams, "I am the angel of ZOT!!!"
Sigmund points at you and mumbles some strange words.
You are confused.
Sigmund gestures at you while chanting. The puff of flame hits you!
Ouch! That really hurt!
You die...

....>.....# ###.........#
.........### #.........#
....##.#...# #.........#
..#.##.###.### #.........#
.##..#.......#######.######
.###..............##..####
........@@........###....##
########.............###..#####
# #..<.....@.##<.........# #
#........####............# ..
..........# #.....)........ ##
###........# #..............
#........# #..............
########## #.............(
#.............. ##............
##..........#


You could see Sigmund.

Vanquished Creatures
  An adder (D:2)
  2 worms (D:2)
  3 ball pythons (D:2)
  4 endoplasms
  2 goblins (D:1)
  6 hobgoblins
  A quokka (D:1)
  4 bats
  6 frilled lizards
  7 kobolds
  3 rats
39 creatures vanquished.

Vanquished Creatures (collateral kills)
  3 foxfires (D:1)
3 creatures vanquished.

Vanquished Creatures (others)
  67 foxfires
67 creatures vanquished.

Grand Total: 109 creatures vanquished

Notes
Turn   | Place    | Note
-------+----------+-------------------------------------------
     0 | D:1      | hawla the Felid Fire Elementalist began the quest for the
                  | Orb.
     0 | D:1      | Reached XP level 1. HP: 7/7 MP: 4/4
   345 | D:1      | Reached skill level 1 in Conjurations
   475 | D:1      | Reached XP level 2. HP: 11/11 MP: 4/6
   538 | D:1      | Learned a level 2 spell: Scorch
   812 | D:1      | Found a faded altar of an unknown god.
  1719 | D:2      | Reached XP level 3. HP: 14/14 MP: 1/7
  1753 | D:2      | Noticed Sigmund
  2119 | D:2      | Killed from afar by Sigmund

Illustrated notes

Levels and vault maps discovered:
D:1:      dpeg_arrival_connections, layout_loops_ring,
          shapermc_ecumenical_altar_gd
D:2:      layout_rooms, minmay_fractal_squares_5, uniq_sigmund

Skill      XL: |  1  2 |
---------------+-------+-----
Conjurations   | 1 |  1.2
Fire Magic     | 3 |  3.2
Stealth        | 3 |  3.2
Dodging        | |  2.9
Unarmed Combat | |  0.1
Spellcasting   | |  2.8

Action                   || total
-------------------------++-------
Melee: Unarmed           ||    30
       Bite              ||     1
 Cast: Foxfire           ||    42
       Scorch            ||     5
  Use: Scroll            ||     3
 Stab: Sleeping          ||     5
Armor: Skin              ||     3
Dodge: Dodged            ||    23
